 Dungeon Crawl Stone Soup version 0.32-a0-699-g1ee5eff69a (webtiles) character file.

Game seed: 15769747354431235200

75 smashvw the Trooper (level 4, -2/40 HPs)
             Began as a Mountain Dwarf Fighter on Mar 13, 2024.
             Slain by Grinder (5 damage)
             ... on level 3 of the Dungeon on Mar 14, 2024.
             The game lasted 00:06:42 (2434 turns).

smashvw the Trooper (Mountain Dwarf Fighter)        Turns: 2434, Time: 00:06:43

Health: -2/40      AC:  6    Str: 20    XL:     4   Next: 11%
Magic:  4/4        EV:  8    Int: 15    God:
Gold:   223        SH:  4    Dex:  9    Spells: 3/3 levels left

rFire   . . .        a - +0 war axe
rCold   . . .        c - +0 buckler
rNeg    . . .        b - +0 scale mail
rPois   .            (no helmet)
rElec   .            (no cloak)
rCorr   .            (no gloves)
SInv    .            (no boots)
Will    .....        (no amulet) Stlth
                     j - +6 ring of intelligence
HPRegen 0.26/turn    (no ring)
MPRegen 0.09/turn

%: no passive effects
@: mighty
A: runic magic, artefact enchanting
a: no special abilities


You were on level 3 of the Dungeon.
You visited 1 branch of the dungeon, and saw 3 of its levels.

You collected 223 gold pieces.

Inventory:

Hand Weapons
 a - a +0 war axe (weapon)
Missiles
 l - a throwing net (quivered)
 p - 3 poisoned darts
Armour
 b - a +0 scale mail (worn)
 c - a +0 buckler (worn)
Jewellery
 j - a +6 ring of intelligence (left hand)
Scrolls
 e - a scroll of fear {unknown}
 g - a scroll of identify {unknown}
 m - a scroll of teleportation {unknown}
 n - a scroll of vulnerability {unknown}
 q - a scroll of summoning {unknown}
Potions
 f - a potion of magic {unknown}
 h - a potion of lignification {unknown}
 i - a potion of curing {unknown}
 k - a potion of haste {unknown}
 o - a potion of heal wounds {unknown}
 r - a potion of enlightenment {unknown}


   Skills:
 + Level 4.2 Fighting
 + Level 3.6 Axes
 - Level 3.2 Armour
 + Level 4.1 Shields


You had 3 spell levels left.
You didn't know any spells.
Your spell library contained the following spells:

 Spells                   Type           Power      Damage    Failure   Level
 Call Canine Familiar     Summ           0%         N/A       77%         3
 Sigil of Binding         Hex            0%         N/A       77%         3
 Dimensional Bullseye     Hex/Tloc       0%         N/A       99%         4


Dungeon Overview and Level Annotations

Branches:
Dungeon (3/15)

Altars:

Shops:
D:2 (

Annotations:
D:3 1 runed translucent door, Crazy Yiuf, Grinder


Innate Abilities, Weirdness & Mutations

Your spellcasting is much less encumbered by armour.
You can use scrolls of enchantment on lesser artefacts.


Message History

Grinder gestures at you. You resist with significant effort.
You can move again.
You feel very mighty all of a sudden. Grinder barely misses you.
You barely miss Grinder.
Grinder is moderately wounded.
Grinder hits you.
You writhe in agony.
You hit Grinder.
Grinder is heavily wounded.
Grinder hits you but does no damage. Grinder hits you.
* * * LOW HITPOINT WARNING * * *
You writhe in agony.
* * * LOW HITPOINT WARNING * * *
You closely miss Grinder.
Grinder is heavily wounded.
Grinder gestures at you. Pain shoots through your body!
* * * LOW HITPOINT WARNING * * *
You closely miss Grinder.
Grinder is heavily wounded.
Grinder blinks!
An endoplasm comes into view.
Grinder blinks!
Grinder gestures at you. You resist with significant effort.
Found a scroll labelled BUL NOACATIYPN.
Found a stone staircase leading down.
The endoplasm freezes you.
You are frozen.
* * * LOW HITPOINT WARNING * * *
You see here a fizzy red potion.
You closely miss Grinder.
Grinder is heavily wounded.
You barely miss the endoplasm. The endoplasm freezes you.
You are frozen.
* * * LOW HITPOINT WARNING * * *
Grinder hits you.
You die...
Grinder sighs, "Dead already?
I want a refund."

###....... .....
#......... .....#####
#......... .........#
#........#
.........########'#.....
.>..)....##.......#.####
#.#......##.#######.# #
.?.......##.##......####
#..5@............)...
#....J.#.##.#######..
#.#+##.#.# # #.. # #.#.#
#.. .. ..#.# #.. ##.# .#
..#.# #... #..#..#
#..#.# #... ...#..#
#..... .... #####..#...
...


You could see Grinder and an endoplasm.

Vanquished Creatures
  A jelly (D:3)
  A ribbon worm (D:3)
  4 endoplasms
  3 giant cockroaches
  4 goblins
  3 hobgoblins
  A quokka (D:3)
  5 ball pythons
  10 bats
  5 kobolds
  6 rats
43 creatures vanquished.

Notes
Turn   | Place    | Note
-------+----------+-------------------------------------------
     0 | D:1      | smashvw the Mountain Dwarf Fighter began the quest for the
                  | Orb.
     0 | D:1      | Reached XP level 1. HP: 19/19 MP: 1/1
   124 | D:1      | Reached XP level 2. HP: 23/26 MP: 2/2
   648 | D:1      | Upgraded the game from 0.32-a0-685-g93135e86f0 to
                  | 0.32-a0-699-g1ee5eff69a
  1031 | D:2      | Found Amyng's Weapon Emporium.
  1239 | D:2      | Reached XP level 3. HP: 33/33 MP: 3/3
  2156 | D:3      | Found a runed translucent door.
  2157 | D:3      | Noticed Crazy Yiuf
  2303 | D:3      | Reached XP level 4. HP: 29/40 MP: 4/4
  2401 | D:3      | Noticed Grinder
  2418 | D:3      | Paralysed by Grinder for 5 turns
  2434 | D:3      | Slain by Grinder

Illustrated notes

Levels and vault maps discovered:
D:1:      spicycebolla_green_bress_n_ham_2, layout_basic, serial_park_tiny_1
D:2:      layout_loops_corners, serial_shops, nicolae_shop_tiny_glass
D:3:      layout_basic, uniq_grinder, uniq_crazy_yiuf_cottage

Skill      XL: |  1  2  3 |
---------------+----------+-----
Axes           | 3 |  3.6
Fighting       | 4 |  4.2
Shields        | 4 |  4.1
Armour         | |  3.2

Action                     |  1- 3 |  4- 6 || total
---------------------------+-------+-------++-------
  Melee: War axe           |   123 |    16 ||   139
    Use: Potion            |       |     1 ||     1
 Armour: Scale mail        |    86 |     9 ||    95
  Dodge: Dodged            |    49 |     4 ||    53
  Block: Buckler           |    24 |     3 ||    27

Table legend: (Time is in decaauts)
 A = Elapsed time spent in this place.
 B = Non-inter-level travel time spent in this place.
 C = Inter-level travel time spent in this place.
 D = Time resting spent in this place.
 E = Time spent auto-exploring this place.
 F = Levels seen in this place.
 G = Mean time per level.
                   A        B        C        D        E       F      G
               +--------+--------+--------+--------+--------+-----+--------+
         Total |   2489 |   2450 |     39 |      0 |   2093 |   3 |  829.7 |
       Dungeon |   2489 |   2450 |     39 |      0 |   2093 |   3 |  829.7 |
               +--------+--------+--------+--------+--------+-----+--------+

Top non-repeatable levels by time:
     D:1: 971 daAuts
     D:2: 856 daAuts
     D:3: 661 daAuts
